 Dungeon Crawl Stone Soup version 0.23.2-40-g277498a001 (webtiles) character file.

Game seed: 6193222630123791711

105 DildoBatman the Conjurer (level 4, -2/30 HPs)
             Began as a Demonspawn Wizard on Aug 16, 2019.
             Slain by an orc
             ... wielding a cursed +0 dagger
              (3 damage)
             ... on level 3 of the Dungeon.
             The game lasted 00:08:01 (2493 turns).

DildoBatman the Conjurer (Demonspawn Wizard)        Turns: 2493, Time: 00:08:02

Health: -2/30      AC:  5    Str:  8    XL:     4   Next: 54%
Magic:  6/8        EV: 12    Int: 20    God:
Gold:   154        SH:  0    Dex: 11    Spells: 2/9 levels left

rFire    . . .     SeeInvis .   u - +0 hand axe (elec)
rCold    + . .     Gourm    .   (no shield)
rNeg     . . .     Faith    .   l - +0 robe
rPois    .         Spirit   .   d - +0 hat
rElec    .         Reflect  .   h - scarf {cloud immunity}
rCorr    .         Harm     .   (no gloves)
MR       .....                  w - +0 pair of boots
Stlth    ++........             (no amulet)
HPRegen  0.10/turn              g - ring of protection from cold
MPRegen  0.11/turn              (no ring)

@: no status effects
A: talons 1, slimy green scales 1, spiny 1
a: no special abilities


You were on level 3 of the Dungeon.
You were hungry.

You visited 1 branch of the dungeon, and saw 3 of its levels.

You collected 154 gold pieces.

Inventory:

Hand Weapons
 a - a +0 hunting sling
 b - a +0 club
 t - a +0 dagger of venom
 u - a +0 hand axe of electrocution (weapon)
Missiles
 e - 52 stones (quivered)
 f - 38 sling bullets
 p - 35 bolts
 s - 65 arrows
Armour
 d - a +0 hat (worn)
 h - a scarf of cloud immunity (worn)
 l - a +0 robe (worn)
 w - a +0 pair of boots (worn)
Jewellery
 g - a ring of protection from cold (left hand)
Scrolls
 c - 2 scrolls of teleportation {unknown}
 i - a scroll of remove curse {unknown}
 j - a scroll of magic mapping {unknown}
 n - a scroll of identify {unknown}
 q - a scroll of amnesia {unknown}
Potions
 k - a potion of brilliance {unknown}
 m - a potion of might {unknown}
 o - a potion of lignification {unknown}
Comestibles
 r - a chunk of flesh
 v - 7 rations


   Skills:
 - Level 1.7 Dodging
 - Level 1.7 Stealth
 - Level 3.0 Spellcasting
 * Level 4.4 Conjurations
   Level 1.0 Summonings
   Level 0.8 Translocations


You had 2 spell levels left.
You knew the following spells:

 Your Spells              Type           Power        Failure   Level  Hunger
a - Conjure Flame         Conj/Fire      ##......     17%         3    ###....
c - Magic Dart            Conj           ###.         2%          1    None
e - Mephitic Cloud        Conj/Pois/Air  #.......     24%         3    ###....

Your spell library contained the following spells:

 Spells                   Type           Power        Failure   Level  Hunger
 Corona                   Hex            #......      14%         1    None
 Call Imp                 Summ           #.......     14%         2    ##.....
 Blink                    Tloc           N/A          16%         2    ##.....
 Ensorcelled Hibernation  Hex/Ice        #.....       22%         2    ##.....
 Slow                     Hex            #.......     22%         2    ##.....
 Dazzling Spray           Conj/Hex       ##....       17%         3    ###....
 Confuse                  Hex            #.......     38%         3    ###....
 Tukima's Dance           Hex            #.......     38%         3    ###....


Dungeon Overview and Level Annotations

Branches:
Dungeon (3/15)

Altars:

Annotations:
D:3 exclusions: 3 orcs and orc wizard


Innate Abilities, Weirdness & Mutations

You have sharp toenails.
You are partially covered in slimy green scales. (AC +2)
You are partially covered in sharp spines.


Message History

What are your orders? t - Shout!
Orders for allies: a - Attack new target. r - Retreat! s - Stop attacking. g - Guard the area. f - Follow me.
Anything else - Cancel.
You shout for attention!
The orc is struck by your spines. The orc closely misses you.
What are your orders? t - Shout!
Orders for allies: a - Attack new target. r - Retreat! s - Stop attacking. g - Guard the area. f - Follow me.
Anything else - Cancel.
You shout for attention!
The orc is struck by your spines. The orc closely misses you.
The orc hits you with a cursed +0 dagger.
You die...

..# #...#<# #.##########.#.#.#
#.#.....)..#.#.#.#
##.#.######.#.#.#.###### ########
g#.#.#.#.#.#.#.#.#.#.#.###.......
#.#.#.#.#.#.#.#.#.#.#.#..+.......
.#.#.#.#.#.#.#.#.#.#.#.###.......
#.#.#.#<#.#.#.#o#)#.#.#.##.......
(#.#.#.#.#.#.#.#@#.#.#.#.#.......
#.#.#.#.#.#.#.#o#(#.#.#>.........
.#.#.#.#.#.#.#.#.#.#.#.#.........
#.#.#.#.#.#.#.#.#.#.#.#.#..#####'
$#.#.#.#.#.#.#.#.#.#.#.##..# #.
#.#.#.#.#.#.#.#.#.#.#.#.#..## #.
.#.#.o...#.#.#.#.#.#.#.##...# #.
#.#.#oo #.#...#.#.#.#.#.#...####.
.#.#.o ....#.#.#.#.#.#.........


You could see 2 orcs.

Vanquished Creatures
  An orc wizard (D:3)
  3 gnolls (D:3)
  2 worms
  3 dart slugs (D:1)
  An orc (D:3)
  2 giant cockroaches
  5 hobgoblins
  2 jackals (D:2)
  4 kobolds
  A quokka (D:2)
  A ball python (D:1)
  3 bats (D:1)
  3 frilled lizards
  2 goblins
  7 rats
40 creatures vanquished.

Notes
Turn   | Place    | Note
-------+----------+-------------------------------------------
     0 | D:1      | DildoBatman the Demonspawn Wizard began the quest for the
                  | Orb.
     0 | D:1      | Reached XP level 1. HP: 13/13 MP: 4/4
   548 | D:1      | Reached skill level 2 in Conjurations
   604 | D:1      | Gained mutation: You are partially covered in sharp spines.
                  | [demonic ancestry]
   604 | D:1      | Reached XP level 2. HP: 14/19 MP: 0/6
  1492 | D:2      | Reached skill level 3 in Conjurations
  1495 | D:2      | Gained mutation: You are partially covered in slimy green
                  | scales. (AC +2) [demonic ancestry]
  1495 | D:2      | Reached XP level 3. HP: 24/24 MP: 0/7
  1500 | D:2      | Learned a level 3 spell: Conjure Flame
  1504 | D:2      | Learned a level 3 spell: Mephitic Cloud
  2453 | D:3      | Reached skill level 4 in Conjurations
  2453 | D:3      | Gained mutation: You have sharp toenails. [demonic
                  | ancestry]
  2453 | D:3      | Reached XP level 4. HP: 12/30 MP: 1/8
  2489 | D:3      | HP: 1/30 [orc/cursed +0 dagger (4)]
  2493 | D:3      | Slain by an orc

Skill      XL: |  1  2  3 |
---------------+----------+-----
Conjurations   | 2 3 4 |  4.4
Dodging        | |  1.7
Stealth        | |  1.7
Spellcasting   | |  3.0
Summonings     | |  1.0
Translocations | |  0.8

Action                   |  1- 3 |  4- 6 || total
-------------------------+-------+-------++-------
Melee: Club              |    13 |       ||    13
       Hand axe          |     4 |       ||     4
 Fire: Hunting sling     |    40 |       ||    40
 Cast: Magic Dart        |    79 |     1 ||    80
       Mephitic Cloud    |     1 |       ||     1
  Use: Potion            |     2 |     1 ||     3
 Stab: Sleeping          |     1 |       ||     1
  Eat: Chunk             |     4 |       ||     4
Armor: Robe              |     7 |     5 ||    12
Dodge: Dodged            |    28 |    12 ||    40
